 Dungeon Crawl Stone Soup version 0.19.4-9-g45fd643 (webtiles) character file.

1248 Morrissey the Ruffian (level 8, -8/62 HPs)
             Began as a White Draconian Transmuter on Feb 22, 2017.
             Shot with an arrow by a centaur (9 damage)
             ... on level 5 of the Dungeon.
             The game lasted 00:09:24 (4733 turns).

Morrissey the Ruffian (White Draconian Transmuter)  Turns: 4733, Time: 00:09:24

Health: -8/62      AC:  2    Str: 14    XL:     8   Next: 26%
Magic:  10/11      EV: 23    Int: 14    God:
Gold:   209        SH:  0    Dex: 17    Spells: 3 memorised, 3 levels left

rFire  . . .     SeeInvis .       - Unarmed
rCold  . . .     Gourm    .     (armour unavailable)
rNeg   . . .     Faith    .     (shield currently unavailable)
rPois  x         Spirit   .     (helmet currently unavailable)
rElec  .         Reflect  .     (cloak currently unavailable)
rCorr  .         Harm     .     (gloves currently unavailable)
MR     .....                    (boots currently unavailable)
Stlth  ++........               (no amulet)
                                (no ring)
                                (no ring)

@: spider-form (expiring)
A: (breathe frost), unfitting armour, (cold resistance 0), (cold-blooded), AC +6
a: End Transformation


You were on level 5 of the Dungeon.
You were hungry.
You were a venomous arachnid creature.
You visited 1 branch of the dungeon, and saw 5 of its levels.

You collected 209 gold pieces.

Inventory:

Missiles
 a - 12 arrows
Wands
 o - a wand of digging (17/24)
Scrolls
 d - a scroll of enchant weapon {unknown}
 e - a scroll of noise {unknown}
 f - 2 scrolls of fog {unknown}
 i - 7 scrolls of identify {unknown}
 j - a scroll of recharging {unknown}
 n - a scroll of enchant armour {unknown}
 p - a scroll of amnesia {unknown}
 q - a scroll of immolation {unknown}
Potions
 m - a potion of cure mutation
Books
 b - a book of Changes

   Spells                             Type                      Level
   a - Beastly Appendage              Transmutation                1
   b - Sticks to Snakes               Transmutation                2
   c - Spider Form                    Transmutation/Poison         3
   d - Ice Form                       Ice/Transmutation            4
   e - Blade Hands                    Transmutation                5
Comestibles
 c - 6 bread rations
 h - 2 meat rations
 k - 3 beef jerkies


   Skills:
 - Level 2.6 Fighting
 * Level 5.0 Dodging
 * Level 6.2 Unarmed Combat
 - Level 2.0 Spellcasting
 * Level 5.5 Transmutations
 + Level 2.2 Ice Magic
 - Level 2.0 Poison Magic


You had 3 spell levels left.
You knew the following spells:

 Your Spells              Type           Power        Failure   Level  Hunger
a - Beastly Appendage     Tmut           ###...       10%         1    ##.....
b - Spider Form           Tmut/Pois      ##........   36%         3    ####...
c - Ice Form              Ice/Tmut       ##......     78%         4    #####..


Dungeon Overview and Level Annotations

Branches:
Dungeon (5/15)
 Temple: D:4-7

Altars:
Ru
Zin

Shops:
D:4 [


Innate Abilities, Weirdness & Mutations

((You can breathe waves of freezing cold.))
((You can buffet flying creatures when you breathe cold.))
((Your icy white scales are hard. (AC +6)))
You cannot fit into any form of body armour.
((Your flesh is cold resistant. (rC+)))
((You are cold-blooded and may be slowed by cold attacks.))


Message History

The centaur shoots an arrow.
The arrow hits you!
An orc priest comes into view. It is wielding a mace of protection.
The centaur shoots an arrow.
The arrow hits you!
The centaur shoots an arrow.
The arrow hits you!
* * * LOW HITPOINT WARNING * * *
The centaur shoots an arrow.
The arrow hits you!
* * * LOW HITPOINT WARNING * * *
You see here 2 arrows.
The centaur shoots an arrow.
The arrow closely misses you.
The centaur shoots an arrow.
The arrow closely misses you.
You see here an arrow.
Found 4 gold pieces.
Unknown command.
Your transformation is almost over.
The centaur shoots an arrow.
The arrow hits you!
* * * LOW HITPOINT WARNING * * *
You see here an arrow.
The centaur shoots an arrow.
The arrow misses you.
The centaur shoots an arrow.
The arrow hits you!
You die...

...###########........... #.#
..............>.######### #.#
.c.....((#.#.......# #.#
o....###.#.#.....#.######.#.#
... #c#.#....<.........#.# .
#.#.#.....#.########.#
#.#.#.....#.....)....#
#(#.#.....#..#########
#.#.....(s#..# #.#.##..###..#
#((c......#..# ###.##..#.#..#
#.##.$#.#..# #.##..# #..#
..##..# ..##..# ..#


You could see a centaur.

Vanquished Creatures
  Pikel (D:5)
  Edmund (D:4)
  Duvessa (D:4)
  2 slaves (D:4)
  2 ogres (D:4)
  Dowan (D:4)
  3 hounds (D:4)
  An orc wizard (D:3)
  4 worker ants
  4 gnolls (D:3)
  4 adders
  An ooze (D:2)
  4 worms
  3 dart slugs
  4 orcs (D:3)
  A ball python (D:4)
  4 giant cockroaches
  8 hobgoblins
  10 jackals
  8 bats
  8 frilled lizards
  6 goblins
  A jackal skeleton (D:4)
  7 kobolds
  A leopard gecko skeleton (D:4)
  5 rats
95 creatures vanquished.

Vanquished Creatures (others)
  2 slaves (D:5)
  An orc (D:5)
3 creatures vanquished.

Grand Total: 98 creatures vanquished

Notes
Turn   | Place    | Note
-------+----------+-------------------------------------------
     0 | D:1      | Morrissey the Draconian Transmuter began the quest for the Orb.
     0 | D:1      | Reached XP level 1. HP: 16/16 MP: 3/3
   133 | D:1      | Reached XP level 2. HP: 2/23 MP: 3/5
   742 | D:1      | Reached XP level 3. HP: 22/29 MP: 6/6
   806 | D:1      | Learned a level 3 spell: Spider Form
  1984 | D:3      | Reached XP level 4. HP: 29/36 MP: 4/7
  2041 | D:3      | Found a glowing silver altar of Zin.
  2185 | D:3      | Reached skill level 1 in Poison Magic
  2472 | D:3      | Found a sacrificial altar of Ru.
  2496 | D:3      | Reached XP level 5. HP: 24/41 MP: 0/8
  2628 | D:3      | Learned a level 4 spell: Ice Form
  2649 | D:3      | Reached skill level 4 in Unarmed Combat
  2771 | D:4      | Noticed Edmund
  2867 | D:4      | Killed Edmund
  2867 | D:4      | Reached XP level 6. HP: 50/50 MP: 6/9
  3122 | D:4      | Found Meerph's Armour Emporium.
  3367 | D:4      | Reached skill level 5 in Unarmed Combat
  3367 | D:4      | Your scales start taking on an icy white colour.
  3367 | D:4      | Reached XP level 7. HP: 55/56 MP: 3/10
  3367 | D:4      | Gained mutation: Your flesh is cold resistant. (rC+) [White Draconian growth]
  3462 | D:4      | Noticed Duvessa
  3463 | D:4      | Noticed Dowan
  3726 | D:4      | Killed Dowan
  3762 | D:4      | Killed Duvessa
  4236 | D:5      | Entered Level 5 of the Dungeon
  4333 | D:5      | Noticed Pikel
  4406 | D:5      | Killed Pikel
  4406 | D:5      | Reached skill level 5 in Dodging
  4406 | D:5      | Reached skill level 6 in Unarmed Combat
  4406 | D:5      | Reached skill level 5 in Transmutations
  4406 | D:5      | Reached XP level 8. HP: 6/62 MP: 9/11
  4732 | D:5      | HP: 1/62 [centaur/arrow (7)]
  4733 | D:5      | Shot with an arrow by a centaur

Skill      XL: |  1  2  3  4  5  6  7 |
---------------+----------------------+-----
Dodging        | 2 3 5 |  5.0
Fighting       | 2 |  2.6
Poison Magic   | 1 2 |  2.0
Transmutations | 3 4 5 |  5.5
Unarmed Combat | 4 5 6 |  6.2
Ice Magic      | 2 |  2.2
Spellcasting   | |  2.0

Action                   |  1- 3 |  4- 6 |  7- 9 || total
-------------------------+-------+-------+-------++-------
Melee: Unarmed           |   188 |   108 |    85 ||   381
       Kick              |    17 |       |       ||    17
       Tailslap          |    11 |     7 |     6 ||    24
       Headbutt          |     5 |       |       ||     5
       Punch             |     1 |       |       ||     1
 Cast: Beastly Appendage |    16 |     1 |       ||    17
       Spider Form       |     1 |    15 |     8 ||    24
 Abil: End Transformatio |       |     2 |     1 ||     3
       Breathe Frost     |       |       |     5 ||     5
  Use: Potion            |       |       |     2 ||     2
 Stab: Sleeping          |     1 |       |     1 ||     2
  Eat: Chunk             |     4 |     8 |     6 ||    18
Armor: Skin              |    73 |    14 |    14 ||   101
Dodge: Dodged            |   110 |    92 |    96 ||   298
